 Dungeon Crawl Stone Soup version 0.31-a0-188-g5e087ee2ca (webtiles) character file.

Game seed: 10149982442912181636

380 qw the Skirmisher (level 6, -2/35 HPs)
             Began as a Deep Elf Hunter on June 22, 2023.
             Slain by a water moccasin (5 damage)
             ... on level 5 of the Dungeon.
             The game lasted 00:01:20 (3217 turns).

qw the Skirmisher (Deep Elf Hunter)                 Turns: 3217, Time: 00:01:20

Health: -2/35      AC:  6    Str: 10    XL:     6   Next: 46%
Magic:  8/8        EV: 11    Int: 14    God:
Gold:   125        SH:  0    Dex: 18    Spells: 5/5 levels left

rFire   . . .        Y - +0 shortbow (drain)
rCold   . . .        (shield currently unavailable)
rNeg    . . .        g - +0 ring mail
rPois   .            (no helmet)
rElec   .            (no cloak)
rCorr   .            f - +0 pair of gloves
SInv    .            (no boots)
Will    .....        (no amulet)
Stlth   +            (no ring)
HPRegen 0.25/turn    (no ring)
MPRegen 0.11/turn

%: no passive effects
@: no status effects
A: no striking features
a: no special abilities


You were on level 5 of the Dungeon.
You visited 1 branch of the dungeon, and saw 5 of its levels.

You collected 145 gold pieces.
You spent 20 gold pieces at shops.


   Skills:
 - Level 2.0 Fighting
 - Level 10.1 Ranged Weapons
 + Level 2.4 Dodging
 - Level 1.2 Stealth


You had 5 spell levels left.
You didn't know any spells.
Your spell library was empty.

Inventory:

Hand Weapons
 Y - a +0 shortbow of draining (weapon)
Armour
 f - a +0 pair of gloves (worn)
 g - a +0 ring mail (worn)
Jewellery
 d - a ring of see invisible
Scrolls
 a - 3 scrolls of identify
 b - a scroll of fear {unknown}
Potions
 c - 3 potions of curing
 e - a potion of mutation

Dungeon Overview and Level Annotations

Branches:
Dungeon (5/15)
 Temple: D:4-7

Altars:
Ashenzari
Dithmenos
Hepliaklqana

Shops:
D:3 [:?

Annotations:
D:3 3 runed translucent doors, qw's ghost, amateur DEHu
D:4 1 runed translucent door, Crazy Yiuf; Grinder


Message History

You shoot an arrow.
The arrow hits the water moccasin but does no damage.
The water moccasin is moderately wounded.
The water moccasin barely misses you.
You shoot an arrow.
The arrow barely misses the water moccasin.
The water moccasin bites you but does no damage. x2
You shoot an arrow.
The arrow closely misses the water moccasin.
The water moccasin bites you.
You are poisoned.
The water moccasin poisons you!
You shoot an arrow. The arrow hits the water moccasin.
The water moccasin is moderately wounded.
You feel sick. The water moccasin closely misses you.
The water moccasin bites you.
You shoot an arrow. The arrow hits the water moccasin!
The water moccasin is severely wounded.
You feel sick. The water moccasin bites you.
You shoot an arrow.
The arrow barely misses the water moccasin.
You feel sick. The water moccasin bites you. x2
You shoot an arrow.
The arrow closely misses the water moccasin.
You feel sick.
The water moccasin bites you but does no damage.
You shoot an arrow. The arrow misses the water moccasin.
You feel sick. The water moccasin bites you. x2
You shoot an arrow. The arrow misses the water moccasin.
You feel sick.
The water moccasin bites you but does no damage.
You shoot an arrow.
The arrow barely misses the water moccasin.
You feel sick.
You are no longer poisoned.
The water moccasin closely misses you.
You shoot an arrow. The arrow misses the water moccasin.
The water moccasin bites you but does no damage.
The water moccasin bites you.
You die...

...######.#.#
..### #.#.## ..
#.#..## . .
#.....# .#
.#####..####..##
<................
.................
.....###......###
##.....@.####...#
###..##S# #.# ##
.... . ###..#
#..# #... ##.


You could see a water moccasin (drained).

Vanquished Creatures
  A scorpion (D:5)
  A hound (D:4)
  A sleepcap (D:5)
  Natasha (thrice) (D:4)
  4 gnolls (D:2)
  4 adders
  3 worms
  5 dart slugs
  3 orcs (D:4)
  6 endoplasms
  10 giant cockroaches
  8 goblins
  5 hobgoblins
  6 jackals
  8 ball pythons
  8 bats
  3 frilled lizards
  8 kobolds
  5 rats
92 creatures vanquished.

Notes
Turn   | Place    | Note
-------+----------+-------------------------------------------
     0 | D:1      | qw the Deep Elf Hunter began the quest for the Orb.
     0 | D:1      | Reached XP level 1. HP: 12/12 MP: 3/3
     0 | D:1      | 0 ||| qw: Version: 0.3-a-9-g12657ce
     0 | D:1      | 0 ||| qw: Game counter: 2839
     0 | D:1      | 0 ||| qw: Always use a shield: true
     0 | D:1      | 0 ||| qw: God list: Okawaru
     0 | D:1      | 0 ||| qw: Allow faded altars: false
     0 | D:1      | 0 ||| qw: Do Orc after D:15 true
     0 | D:1      | 0 ||| qw: Do second Lair branch before Depths: true
     0 | D:1      | 0 ||| qw: Lair rune preference: random
     0 | D:1      | 0 ||| qw: Plans: Normal
     0 | D:1      | 0 ||| PLANNING D:1-11
   181 | D:1      | Reached skill level 6 in Ranged Weapons
   181 | D:1      | Reached XP level 2. HP: 14/16 MP: 4/4
   605 | D:1      | 605 ||| UPGRADING to +0 pair of gloves.
   610 | D:1      | 610 ||| UPGRADING to +0 ring mail.
   620 | D:1      | 620 ||| DROPPING +0 leather armour.
   621 | D:1      | 621 ||| READING scroll labelled LESE CIBALOFA.
   651 | D:1      | 651 ||| READING scroll labelled YGEAMUTEMU.
   652 | D:1      | 652 ||| DROPPING scroll of butterflies.
   726 | D:2      | Reached XP level 3. HP: 20/20 MP: 5/5
   885 | D:2      | Reached skill level 7 in Ranged Weapons
   987 | D:2      | Reached XP level 4. HP: 17/25 MP: 6/6
  1193 | D:2      | Reached skill level 8 in Ranged Weapons
  1450 | D:2      | Found a shadowy altar of Dithmenos.
  1462 | D:2      | 1462 ||| READING scroll labelled WATYON NANUIRIUWK.
  1463 | D:2      | 1463 ||| READING scroll labelled NEHOEF MOESI.
  1464 | D:2      | 1464 ||| READING 4 scrolls of identify.
  1464 | D:2      | 1464 ||| IDENTIFYING green potion
  1465 | D:2      | 1465 ||| READING 3 scrolls of identify.
  1465 | D:2      | 1465 ||| IDENTIFYING fuming white potion
  1466 | D:2      | 1466 ||| READING 2 scrolls of identify.
  1466 | D:2      | 1466 ||| IDENTIFYING sedimented black potion
  1467 | D:2      | 1467 ||| DROPPING potion of lignification.
  1740 | D:3      | Reached XP level 5. HP: 29/29 MP: 7/7
  1836 | D:3      | Found Ezeaza's Book Shoppe.
  1942 | D:3      | Found Remp's Armour Shop.
  1948 | D:3      | 1948 ||| SHOPLISTING +2 ring mail of positive energy (198
                  | gold, have 84).
  1948 | D:3      | 1948 ||| SHOPLISTING +2 scale mail of fire resistance (231
                  | gold, have 84).
  1948 | D:3      | 1948 ||| SHOPLISTING +4 ring mail of positive energy (308
                  | gold, have 84).
  1963 | D:3      | Noticed qw's ghost (amateur DEHu)
  1965 | D:3      | Found a runed translucent gate.
  1965 | D:3      | Found a runed translucent gate.
  1968 | D:3      | Found a runed translucent gate.
  2188 | D:3      | Found Duosefof's Magic Scroll Emporium.
  2191 | D:3      | 2191 ||| SHOPLISTING scroll of acquirement (520 gold, have
                  | 90).
  2191 | D:3      | 2191 ||| BUYING scroll of identify (20 gold).
  2191 | D:3      | Bought a scroll of identify for 20 gold pieces
  2246 | D:3      | 2246 ||| READING scroll labelled JIMUEH SIPUMO.
  2274 | D:4      | Noticed Natasha
  2277 | D:4      | Killed Natasha
  2284 | D:4      | Noticed Natasha
  2288 | D:4      | Reached skill level 9 in Ranged Weapons
  2293 | D:4      | Killed Natasha
  2438 | D:4      | Noticed Natasha
  2443 | D:4      | Killed Natasha
  2444 | D:4      | Reached XP level 6. HP: 35/35 MP: 8/8
  2559 | D:4      | Noticed Grinder
  2572 | D:4      | HP: 8/35 [Grinder (6)]
  2572 | D:4      | HP: 3/35 [Grinder (5)]
  2574 | D:4      | HP: 1/35 [Grinder/nerve-wracking pain (3)]
  2578 | D:4      | 2578 ||| FLEEEEING.
  2579 | D:4      | 2579 ||| FLEEEEING.
  2580 | D:4      | 2580 ||| FLEEEEING.
  2581 | D:4      | 2581 ||| FLEEEEING.
  2582 | D:4      | 2582 ||| FLEEEEING.
  2583 | D:4      | 2583 ||| FLEEEEING.
  2590 | D:4      | 2590 ||| FLEEEEING.
  2591 | D:4      | 2591 ||| FLEEEEING.
  2593 | D:4      | 2593 ||| FLEEEEING.
  2594 | D:4      | 2594 ||| FLEEEEING.
  2601 | D:4      | 2601 ||| STAIRDANCE
  2741 | D:3      | 2741 ||| READING 3 scrolls of identify.
  2741 | D:3      | 2741 ||| IDENTIFYING viscous brown potion
  2742 | D:3      | 2742 ||| DROPPING potion of degeneration.
  2797 | D:4      | Found a hazy altar of Hepliaklqana.
  2801 | D:4      | Found a broken altar of Ashenzari.
  3003 | D:4      | Found a runed translucent door.
  3004 | D:4      | Noticed Crazy Yiuf
  3091 | D:4      | 3091 ||| READING 4 scrolls of identify.
  3091 | D:4      | 3091 ||| IDENTIFYING orange potion
  3092 | D:4      | 3092 ||| DROPPING potion of invisibility.
  3127 | D:5      | Entered Level 5 of the Dungeon
  3188 | D:5      | Reached skill level 10 in Ranged Weapons
  3203 | D:5      | Noticed a water moccasin
  3214 | D:5      | HP: 4/35 [water moccasin (6)]
  3217 | D:5      | Slain by a water moccasin

Levels and vault maps discovered:
D:1:      nicolae_arrival_memento_mori, layout_loops_ring,
          minmay_worlds_worst_comb
D:2:      layout_loops_ring, basic_altar
D:3:      layout_loops_ring, serial_shops, nicolae_shop_rolled_up, shop, shop,
          biasface_ghost_orc_armoury
D:4:      layout_basic, gammafunk_temple_overflow_statue, uniq_natasha,
          uniq_grinder, uniq_crazy_yiuf_cottage
D:5:      layout_rooms, mainiacjoe_overflow_24_doors, temple_statues

Skill      XL: |  1  2  3  4  5  6 |
---------------+-------------------+-----
Ranged Weapons | 6 7 8 9 10 | 10.1
Fighting       | 2 |  2.0
Dodging        | |  2.4
Stealth        | |  1.2

Action                     |  1- 3 |  4- 6 || total
---------------------------+-------+-------++-------
   Fire: Shortbow          |   101 |   198 ||   299
    Use: Scroll            |     2 |     8 ||    10
 Armour: Leather armour    |     3 |       ||     3
         Ring mail         |     6 |    34 ||    40
  Dodge: Dodged            |    19 |    43 ||    62

Table legend:
 A = Non-vault XP
 B = Vault XP
 C = Vault XP percentage of total XP
 D = Non-vault monster count
 E = Vault monster count
 F = Vault count percentage of total count
                 A         B        C        D         E       F
            +---------+---------+-------+---------+---------+-------
      Total |     498 |      45 |   8.3 |      86 |       6 |   6.5
            +---------+---------+-------+---------+---------+-------
        D:1 |      27 |      10 |  27.0 |      17 |       5 |  22.7
        D:2 |     138 |       0 |   0.0 |      31 |       0 |   0.0
        D:3 |      41 |       0 |   0.0 |      18 |       0 |   0.0
        D:4 |     147 |      35 |  19.2 |      16 |       1 |   5.9
        D:5 |     145 |       0 |   0.0 |       4 |       0 |   0.0
            +---------+---------+-------+---------+---------+-------
